Cogmind - Beta 14 --- EXPLORER MODE // 2024.10.02 @ 15:27:48 Player: K-Slacker Result: Destroyed by EF-87M(R) with Subdweller Laser Performance ------------- Evolutions (0) 0 Regions Visited (2) 400 Robots Destroyed (35) 175 Value Destroyed (1069) 1069 Prototype IDs (16) 320 Alien Tech Used (0) 0 Bonus (0) 0 TOTAL SCORE: 1964 Bonus ------- None Cogmind --------- Core Integrity 0/250 Matter 288/300 Energy 200/200 System Corruption 0% Temperature Cool (6) Movement Walking (120) Location -10/Subcaves Parts ------- > --- POWER (1) -------- Subdweller Power Source > --- PROPULSION (2) --- Improved Aluminum Leg Improved Aluminum Leg > --- UTILITY (3) ------ Medium Storage Unit Signal Interpreter Improved Targeting Computer > --- WEAPON (2) ------- Advanced Beam Cannon Subdweller Machine Gun > --- INVENTORY (10) --- Improved Aluminum Leg Improved Heat Sink Sensor Array ECM Suite Tower Shield Makeshift Hacking Suite Trap Extractor (0/4) Particle Gun Heavy Assault Rifle Peak State ------------ > --- POWER ------------ Light Nuclear Core > --- PROPULSION ------- Improved Aluminum Leg Improved Aluminum Leg > --- UTILITY ---------- Medium Storage Unit Signal Interpreter Improved Targeting Computer > --- WEAPON ----------- Advanced Beam Cannon Advanced Beam Cannon > --- INVENTORY -------- Subdweller Power Source Improved Aluminum Leg Improved Aluminum Leg Improved Heat Sink Sensor Array ECM Suite Propulsion Shielding Trap Extractor Heavy Assault Rifle Battle Cannon [Rating: 18] Favorites ----------- Power Ion Engine Engine Ion Engine Power Core Light Nuclear Core Propulsion Improved Aluminum Leg Treads Light Treads Leg Improved Aluminum Leg Utility Medium Storage Unit Storage Medium Storage Unit Processor Signal Interpreter Weapon Heavy Assault Rifle Energy Cannon Advanced Beam Cannon Ballistic Gun Heavy Assault Rifle Ballistic Cannon Battle Cannon Build | -11 -10 -10 ------- Run | Yrd Mat Sub Slots Evolved 1 | . 1 . Power . | . . . Propulsion . | . . . Utility 1 | . 1 . Weapon . | . . . Parts Attached 28 | 7 11 10 Power 3 | 1 1 1 Engine 2 | 1 . 1 Core 1 | . 1 . Reactor . | . . . Propulsion 8 | 2 5 1 Treads 2 | 2 . . Leg 6 | . 5 1 Wheel . | . . . Hover . | . . . Flight . | . . . Utility 3 | 2 1 . Device . | . . . Storage 1 | 1 . . Processor 2 | 1 1 . Hackware . | . . . Protection . | . . . Artifact . | . . . Weapon 14 | 2 4 8 Energy Gun . | . . . Energy Cannon 5 | . 2 3 Ballistic Gun 8 | 2 2 4 Ballistic Cannon 1 | . . 1 Launcher . | . . . Special Weapon . | . . . Impact Weapon . | . . . Slashing Weapon . | . . . Piercing Weapon . | . . . Special Melee Weapon . | . . . Unidentified Prototypes 1 | . 1 . Parts Lost 2 | . . 2 Power 1 | . . 1 Propulsion 1 | . . 1 Utility . | . . . Weapon . | . . . Highest Loss Streak 2 | . . 2 To Critical Strikes . | . . . Average Slot Usage (%) 93 | . 99 89 Engine 5 | . 9 2 Core 3 | . 2 4 Leg 21 | . 24 19 Storage 12 | . 12 12 Processor 24 | . 24 25 Energy Cannon 7 | . 3 10 Ballistic Gun 16 | . 21 13 Peak Build Rating 18 | 7 16 18 Average Rating 15 | 5 14 15 On Entrance 7 | . 7 16 Naked Turns . | . . . Heaviest Build 23 | 19 23 23 Greatest Support 40 | 40 40 26 Greatest Overweight (x) 6 | 1 6 1 Average Overweight (x) . | . . . Largest Inventory Capacity 10 | 10 10 10 Average Capacity 9 | 8 10 10 Most Carried 10 | 7 10 10 Average Carried 9 | 3 9 9 Final Capacity 10 | 10 10 10 Final Carried 10 | 7 10 10 Class Distribution -------------------- 100% | Hacker-Mutant Dominant Class ---------------- Hacker-Mutant | -10/Materials Hacker-Mutant | -10/Subcaves Resources | -11 -10 -10 ----------- Run | Yrd Mat Sub Matter Collected 1041 | 206 517 318 Remotely . | . . . Salvage Created 1150 | . 688 462 Parts 58 | . 32 26 Haulers Intercepted . | . . . Recyclers Shooed 1 | . 1 . Parts Field Recycled . | . . . Retrieved Matter . | . . . Parts Self-Destructed . | . . . Prevented . | . . . Kills | -11 -10 -10 ------- Run | Yrd Mat Sub Combat Hostiles Destroyed 31 | . 16 15 Guns 20 | . 13 7 Cannons 11 | . 3 8 Classes Destroyed 5 | . 4 1 Recycler 1 | . 1 . Watcher 3 | . 3 . Swarmer 6 | . 4 2 Grunt 14 | . 12 2 Subdweller 11 | . . 11 Best Kill Streak 3 | . 3 2 Combat Bots Only 2 | . 2 2 Max Kills in Single Turn 2 | . 2 1 Gunslinging 1 | . 1 . Exploded . | . . . Melee . | . . . Uniques/NPCs Destroyed . | . . . Combat | -11 -10 -10 -------- Run | Yrd Mat Sub Hostile Shots Fired 152 | . 56 96 Missed 54 | . 21 33 Damage Taken 1029 | . 238 791 Core 253 | . 51 202 Absorbed by Shields . | . . . Ignored by Resistances 640 | . 159 481 Regen/Repaired (Parts) 26 | . 26 . Core Remaining (%) 100 | 100 . . Volleys Fired 129 | . 57 72 Largest 2 | . 2 2 Hottest 136 | . 136 98 Shots Fired 258 | . 114 144 Gun 172 | . 94 78 Cannon 86 | . 20 66 Launcher . | . . . Special . | . . . Kinetic 185 | . 94 91 Thermal 73 | . 20 53 Explosive . | . . . Electromagnetic . | . . . Robot Hit Streak 37 | . 21 37 Robot Miss Streak 3 | . 3 2 Penetration Max . | . . . Secondary Targets 3 | . 3 . Max Gunslinging Chain 1 | . 1 . Shots Hit Robots 201 | . 90 111 Core Hits 55 | . 28 27 Critical Kills . | . . . Critical Parts Destroyed 2 | . 2 . Critical Strikes 2 | . 2 . Destroy 2 | . 2 . Melee Attacks . | . . . Impact . | . . . Slashing . | . . . Piercing . | . . . Sneak Attacks . | . . . Combat Hostiles . | . . . Follow-up Attacks . | . . . Damage Inflicted 3395 | . 1290 2105 Guns 2114 | . 1000 1114 Cannons 1279 | . 288 991 Explosions . | . . . Melee . | . . . Ramming 2 | . 2 . Kinetic 2343 | . 1000 1343 Thermal 1050 | . 288 762 Explosive . | . . . Electromagnetic . | . . . Impact . | . . . Slashing . | . . . Piercing . | . . . Highest Corruption . | . . . Average Corruption . | . . . Corruption Purged . | . . . Corruption Blocked . | . . . Overload Shots . | . . . Overflow Damage 23 | . 2 21 Projectiles 23 | . 2 21 Explosions . | . . . Melee . | . . . Knockbacks 4 | . . 4 Impact . | . . . Kinetic 4 | . . 4 Secondary . | . . . Self-Inflicted Damage . | . . . Shots . | . . . Rammed . | . . . Targets Rammed 1 | . 1 . Kicked 1 | . 1 . Crushed . | . . . Highest Temperature 576 | . 576 9 Average Temperature 175 | . 183 3 Received Heat Transfer 456 | . 174 282 Effects 6 | . 6 . Shutdowns 1 | . 1 . Energy Bleed 1 | . 1 . Matter Decay 1 | . 1 . Short Circuit 1 | . 1 . Damage (minor) 2 | . 2 . Siege Activations . | . . . Robots Corrupted . | . . . Combat Hostiles . | . . . Parts Fried . | . . . Impact Corruptions . | . . . Robots Melted . | . . . Combat Hostiles . | . . . Parts Melted 2 | . 1 1 Heat Transferred 1887 | . 518 1369 Parts Sabotaged . | . . . Parts Stolen . | . . . Parts Stripped . | . . . Power Chain Reactions . | . . . Alert | -11 -10 -10 ------- Run | Yrd Mat Sub Peak Influence 266 | . 266 . Initial . | . . . Average 81 | . 85 . Maximum Alert Level 1 | . 1 . Low Security (%) 90 | 100 89 . Level 1 9 | . 10 . Level 2 . | . . . Level 3 . | . . . Level 4 . | . . . Level 5 . | . . . High Security . | . . . Max Security . | . . . Squads Dispatched 3 | . 3 . Investigation 3 | . 3 . Extermination . | . . . Reinforcement . | . . . Assault . | . . . Garrison . | . . . Intercept . | . . . Searches Triggered . | . . . Construction Impeded . | . . . Haulers Reinforced . | . . . Active Scanning Responses . | . . . Cargo Convoy Interrupts . | . . . Stealth | -11 -10 -10 --------- Run | Yrd Mat Sub Distress Signals 1 | . 1 . Communications Jammed . | . . . Distress Signals . | . . . Times Spotted 43 | . 26 17 Peak Tracking Total 3 | . 3 2 Tactical Retreats 8 | . 7 1 Traps | -11 -10 -10 ------- Run | Yrd Mat Sub Traps Triggered 1 | . . 1 Indirectly . | . . . Trap Hack Attempts . | . . . Triggered . | . . . Disarmed 1 | . 1 . Reprogrammed . | . . . Reused . | . . . Traps Extracted . | . . . Installed . | . . . Triggered . | . . . Machines | -11 -10 -10 ---------- Run | Yrd Mat Sub Machines Disabled 1 | . . 1 Max in Single Turn 1 | . . 1 Machines Repaired . | . . . Machines Dismantled . | . . . Machines Sabotaged . | . . . Overloaded Fab Kills . | . . . Hacking | -11 -10 -10 --------- Run | Yrd Mat Sub Machines Accessed 12 | . 9 3 Terminals 8 | . 8 . Fabricators . | . . . Repair Stations 1 | . 1 . Recycling Units . | . . . Scanalyzers . | . . . Garrison Access . | . . . Total Hacks 38 | . 27 11 Successful 27 | . 16 11 Failed 11 | . 11 . Catastrophic 1 | . 1 . Database Lockouts . | . . . Manual . | . . . Terminals 24 | . 24 . Fabricators . | . . . Repair Stations 3 | . 3 . Recycling Units . | . . . Scanalyzers . | . . . Garrison Access . | . . . Terminal Hacks 24 | . 13 11 Record 9 | . . 9 Robot Analysis 2 | . 2 . Prototype ID Bank 2 | . 2 . Open Door 1 | . . 1 Terminal Index 1 | . 1 . Locate Traps 2 | . 2 . Disarm Traps 1 | . 1 . Dispatch Records 1 | . 1 . Registered Components 1 | . 1 . Registered Prototypes 1 | . 1 . Zone Layout 2 | . 2 . Derelict Proto ID Bank 1 | . . 1 Fabricator Hacks . | . . . Repair Station Hacks 3 | . 3 . Scan Component 2 | . 2 . Repair 1 | . 1 . Recycling Unit Hacks . | . . . Scanalyzer . | . . . Garrison Access Hacks . | . . . Unauthorized Hacks . | . . . Terminals . | . . . Fabricators . | . . . Repair Stations . | . . . Recycling Units . | . . . Scanalyzers . | . . . Garrison Access . | . . . Data Cores Recovered . | . . . Used . | . . . Hacking Detections 8 | . 8 . Full Trace Events 5 | . 5 . Feedback Events . | . . . Feedback Blocked . | . . . Robot Schematics Acquired . | . . . Robots Built . | . . . Authchips . | . . . Time . | . . . Total Robot Build Rating . | . . . Part Schematics Acquired . | . . . Parts Built . | . . . Authchips . | . . . Time . | . . . Total Part Build Rating . | . . . Parts Repaired 1 | . 1 . Time 38 | . 38 . Parts Recycled . | . . . Recycled Matter . | . . . Retrieved Matter . | . . . Retrieved Components . | . . . Parts Scanalyzed . | . . . Part Schematics Acquired . | . . . Parts Damaged . | . . . Bothacking | -11 -10 -10 ------------ Run | Yrd Mat Sub Used RIF Installer . | . . . Robots Hacked . | . . . Non-combat . | . . . Combat . | . . . Robot Hacks Applied . | . . . Relay Couplers Released . | . . . Fabnet Peak Effective % . | . . . Robots Rewired . | . . . Allies Hacked . | . . . Hacks Repelled . | . . . Allies | -11 -10 -10 -------- Run | Yrd Mat Sub Total Allies . | . . . Largest Group . | . . . Highest-Rated Group . | . . . Highest-Rated Ally . | . . . Total Orders . | . . . Ally Attacks . | . . . Total Damage . | . . . Kills . | . . . Allies Corrupted . | . . . Allies Melted . | . . . Intel | -11 -10 -10 ------- Run | Yrd Mat Sub Robot Analysis Total 2 | . 2 . Derelict Logs Recovered 1 | . . 1 Drone Launches . | . . . Drone Recoveries . | . . . Exploration | -11 -10 -10 ------------- Run | Yrd Mat Sub Turns Passed 3886 | 86 1529 2271 Spaces Moved 2520 | 47 1047 1426 Core 9 | 8 1 . Treads 43 | 39 4 . Legs 2468 | . 1042 1426 Wheels . | . . . Hover . | . . . Flight . | . . . Fastest Speed 50 | 50 120 120 Average Speed 133 | 147 120 142 Slowest Speed 350 | 160 350 190 Overloaded Moves . | . . . Propulsion Burnouts . | . . . Robots Hopped . | . . . Cave-ins Triggered . | . . . Exploration Rate (%) 56 | 4 99 66 Regions Visited 2 Branch Regions 1 Pre-discovered Areas . | . . . Known Exits Taken 2 | 1 1 . Unknown Exits Taken . | . . . Scrap Searched 16 | . . 16 Spaces Dug . | . . . Terrain Destroyed . | . . . Melee . | . . . Projectile . | . . . AOE . | . . . Terrain Rammed . | . . . Walls Destroyed . | . . . Machines Disabled . | . . . Actions | -11 -10 -10 --------- Run | Yrd Mat Sub Total 2790 | 60 1203 1527 Wait 50 | . 48 2 Move 2518 | 46 1046 1426 Hop . | . . . Pick Up 32 | 7 18 7 Fast Attach 16 | 7 5 4 Attach 2 | . . 2 Detach 4 | . 4 . Swap 10 | . 6 4 Drop 28 | . 18 10 Fire 129 | . 57 72 Melee . | . . . Ram . | . . . Kick 1 | . 1 . Crush . | . . . Escape Stasis . | . . . Rewire . | . . . Trap . | . . . Miscellaneous . | . . . Route ------- -11/Scrapyard -10/Materials (discovered 5 exits: *Mat x3 / *Min / *Sub) -10/Subcaves (discovered 2 exits: *Mat x2) History --------- Turn | Location | Event 2 | -11/Scrapyard | Met Revision 17 5 | -11/Scrapyard | Identified exit to Materials 5 | -11/Scrapyard | Discovered exit to Materials (range 16) 87 | -11/Scrapyard | Entered Materials 87 | -10/Materials | Evolved 1 slot: Utility x1 307 | -10/Materials | Build established: Hacker-Mutant 369 | -10/Materials | Identified exit to Materials 369 | -10/Materials | Discovered exit to Materials (range 15) 506 | -10/Materials | Discovered exit to Materials (range 16) 733 | -10/Materials | Identified exit to Mines 733 | -10/Materials | Discovered exit to Mines (range 9) 808 | -10/Materials | Discovered exit to Materials (range 10) 1309 | -10/Materials | Repaired Lgt. Nuclear Core 1568 | -10/Materials | Identified exit to Subcaves 1568 | -10/Materials | Discovered exit to Subcaves (range 9) 1616 | -10/Materials | Entered Subcaves 1650 | -10/Subcaves | Identified exit to Materials 1650 | -10/Subcaves | Discovered exit to Materials (range 12) 1750 | -10/Subcaves | Shifting Twisted Machinery released Mak. Kinetic Plating 1961 | -10/Subcaves | Shifting Twisted Machinery released Flamer 2138 | -10/Subcaves | Disturbed a concealed Subdweller 2171 | -10/Subcaves | Learned Materials stockpile data 2409 | -10/Subcaves | Core integrity fell below 50% 2454 | -10/Subcaves | Shifting Twisted Machinery released Sub. Optics 2508 | -10/Subcaves | Disturbed a concealed Subdweller 2725 | -10/Subcaves | Shifting Twisted Machinery released Sub. Beam Cannon 3163 | -10/Subcaves | Visited 4L-MR0's lab 3186 | -10/Subcaves | Found Tower Shield 3428 | -10/Subcaves | Discovered exit to Materials (range 7) 3429 | -10/Subcaves | Core integrity fell below 20% 3887 | -10/Subcaves | Destroyed by EF-87M(R) with Subdweller Laser Last Messages --------------- 03689_ Acquired 6 matter. 03724_ GK-U9O(R) destroyed. 03730_ Dropped Sub. Machine Gun. 03734_ Acquired 6 matter. 03736_ Acquired Sub. Machine Gun. 03738_ Searching scrap... 03738_ Found Sub. Shrapnel Launcher. 03738_ Found 67 Matter. 03739_ Acquired 10 matter. 03739_ Searching scrap... 03739_ Found Shrapnel Trap. 03739_ Found 49 Matter. 03745_ Searching scrap... 03745_ Found Sub. Laser. 03745_ Found 36 Matter. 03750_ Searching scrap... 03750_ Found Mak. Hacking Suite. 03750_ Found Sub. Beam Cannon. 03750_ Found 49 Matter. 03754_ Acquired Mak. Hacking Suite. Map ----- +----------------------------------------------------+ | ######???????????????????????????????????????????? | | ## #????????##########?###?????????????????????? | | ## #???????##%## ### ##????????????????????? | | # #???????#%&"##& "##???????????????????? | | # #???????##]&%] [ ""###?????????????????? | | # #???????#[!#%#" """ #?????????????????? | | # ##???????##%### ### #?????????????????? | | ## ##????????###### ##?## #?????????????????? | | ?#%= ######???### #???# #?????????????????? | | ## ##### ##??## #?????????????????? | | # ## ##???# #?????????????????? | | ##????# #?????????????????? | | =% #### ### ####?????## "##????????????????? | | ! ##??## #?# ##?????????## " #????????????????? | | ##????###?###???????????#####????????????????? | | ##????????????########?????????##?????????????? | | #????????????## #???????? #?????????????? | | ##??????????## ##?????? ?????????????? | | #?????????## #?????" ??????????????? | | #???????### ##??? ???????????????? | | ##??????## ### #?? " ????????????????? | | #???????# ### ### R#?????????????????? | | #???????# #### #??????????????????? | | #####???## #### #??????????????????? | | ##???# ## ##??????????????????? | | #???# @ #???????????????????? | | ###### #???????????????????? | | ### #?# ## #???????????????????? | | ??# ### #???????????????????? | | ?## ## ### #???????????????????? | | ## ####?## #???????????????????? | | #?????# ## #???????????????????? | | ### #????# ### #?# #???????????????????? | | ####?## #????# ##?###??##???????????????????? | | ###?????#####????####????????????????????????????? | | #????????????????????????????????????????????????? | | ?????????????????????????????????????????????????? | | ?????????????????????????????????????????????????? | | ?????????????????????????????????????????????????? | | ?????????????????????????????????????????????????? | | ?????????????????????????????????????????????????? | | ?????????????????????????????????????????????????? | | ?????????????????????????????????????????????????? | | ?????????????????????????????????????????????????? | | ?????????????????????????????????????????????????? | | ?????????????????????????????????????????????????? | | ?????????????????????????????????????????????????? | | ?????????????????????????????????????????????????? | | ?????????????????????????????????????????????????? | | ?????????????????????????????????????????????????? | +----------------------------------------------------+ Best States ------------- Heat Dissipation 25 Energy Generation 15 Energy Capacity 250 Matter Stores 300 Matter Capacity 300 Sight Range 16 Terrain Scan Density 10 Resistance: KI 35 Resistance: TH 35 Resistance: EX 35 Resistance: EM 35 Resistance: I 35 Resistance: S 35 Resistance: P 35 Evasion (%) 55 Targeting Accuracy 6 Recoil Reduction 2 Offensive Hacking 20 Item Schematics ----------------- None Robot Schematics ------------------ None Fabricated ------------ Nothing Alien Tech Used ----------------- None Achievements -------------- None Challenges ------------ None Game ------ Seed K-Slacker Manual? 1 Play Time 00:57:59 Cumulative 8.9 hours Start 2024.10.02 @ 14:28:13 End 2024.10.02 @ 15:27:48 Sessions 3 Manual Loads 0 Difficulty Explorer Special Mode None Game No. 7 Rogue 1 Adventurer 0 Explorer 6 Win Type - Total 0 Types 0/0/0/0/0/0/0/0/0 Lore% 11 Gallery% 15 Achievement% 11 Wizard Run 0 Options --------- Layout 2 ASCII 0 Keyboard 0 Movement Numpad Keybinds 0 Fullscreen 1 Font 24/Smallcaps Map View 50x44 Zoom Use 0% Tactical HUD 1 Map Filters NONE Filters NONE Steam 1 RUN: cd9a3781-b242-4b97-8bd9-4bfc13b23e99